 Dungeon Crawl Stone Soup version 0.28.0-45-g0d030f2227 (webtiles) character file.

Game seed: 13740082850067922260

5 Applezztry the Sneak (level 1, 0/13 HPs)
             Began as a Vampire Enchanter on Apr 14, 2022.
             Was a Follower of Wu Jian.
             Slain by a quokka (3 damage)
             ... on level 1 of the Dungeon.
             The game lasted 00:06:23 (399 turns).

Applezztry the Sneak (Vampire Enchanter)             Turns: 399, Time: 00:06:24

Health: 0/13       AC:  2    Str:  7    XL:     1   Next: 66%
Magic:  3/3        EV: 12    Int: 17    God:    Wu Jian [*.....]
Gold:   20         SH:  0    Dex: 14    Spells: 4/4 levels left

rFire   . . .      SeeInvis +   a - +1 dagger
rCold   . . .      Faith    .   (no shield)
rNeg    . . .      Spirit   .   b - +0 robe
rPois   .          Reflect  .   (no helmet)
rElec   .          Harm     .   (no cloak)
rCorr   .          Rampage  .   (no gloves)
Will    .....                   (no boots)
Stlth   +++.......              (no amulet)
HPRegen 0.24/turn               (no ring)
MPRegen 0.08/turn               (no ring)

@: healing quickly
A: alive, fangs 3, see invisible, vampiric 1
a: Exsanguinate, Renounce Religion


You were on level 1 of the Dungeon.
You worshipped Wu Jian.
Wu Jian was aware of your devotion.
You visited 1 branch of the dungeon, and saw 1 of its levels.

You collected 20 gold pieces.

Inventory:

Hand Weapons
 a - a +1 dagger (weapon)
 f - a +0 club
 g - a +0 club
Missiles
 d - 30 sling bullets
Armour
 b - a +0 robe (worn)
Potions
 c - a potion of invisibility


   Skills:
 + Level 1.1 Short Blades
 + Level 2.2 Dodging
 + Level 4.8 Stealth
 + Level 2.0 Spellcasting
 + Level 4.5 Hexes


You had 4 spell levels left.
You didn't know any spells.
Your spell library contained the following spells:

 Spells                   Type           Power      Damage    Failure   Level
 Confusing Touch          Hex            17%        N/A       9%          3
 Tukima's Dance           Hex            17%        N/A       9%          3
 Ensorcelled Hibernation  Hex/Ice        18%        N/A       12%         2
 Dazzling Flash           Conj/Hex       18%        N/A       22%         3


Dungeon Overview and Level Annotations

Branches:
Dungeon (1/15)

Altars:
Wu Jian


Innate Abilities, Weirdness & Mutations

Your natural rate of healing is accelerated.
You have razor-sharp teeth.
You have supernaturally acute eyesight. (SInv)
You are afflicted with vampirism.


Message History

You throw a poisoned dart.
The poisoned dart barely misses the hobgoblin.
The poisoned dart hits the quokka.
The hobgoblin hits you.
Throw: 3 darts (poison)
Press: ? - help, Q - select action Shift-Dir - straight line, f/p - quokka
Aim: a quokka (46% to hit)
You throw a poisoned dart.
The poisoned dart closely misses the hobgoblin.
The poisoned dart hits the quokka.
You kill the hobgoblin!
The Council accepts your kill.
Throw: 2 darts (poison)
Press: ? - help, Q - select action Shift-Dir - straight line, f/p - quokka
Aim: a quokka (46% to hit)
You throw a poisoned dart. The poisoned dart misses the quokka.
The quokka barely misses you.
You barely miss the quokka. The quokka misses you.
Throw: dart (poison)
Press: ? - help, Q - select action Shift-Dir - straight line, f/p - quokka
Aim: a quokka (46% to hit)
You throw a poisoned dart. The poisoned dart misses the quokka.
The quokka bites you. The quokka bites you.
You hit the quokka.
The quokka is heavily wounded.
The quokka bites you.
* * * LOW HITPOINT WARNING * * *
Okay, then.
You closely miss the quokka. Your bite misses the quokka.
The quokka is heavily wounded.
The quokka bites you but does no damage.
You closely miss the quokka.
The quokka is heavily wounded.
The quokka barely misses you.
You hit the quokka. You bite the quokka, but do no damage.
The quokka is severely wounded.
The quokka bites you.
You die...

### ### #####.#
###.# ......#
#.?@# #####.#
#.#r# #.# # #.#
#.# #†# #.# #.#
#.# # #(# #.#
..#.#.#(##########
#.#
.................#
#.#
.##.#!#(#######.##


You could see a quokka.

Vanquished Creatures
  A giant cockroach (D:1)
  A goblin (D:1)
  A hobgoblin (D:1)
  A ball python (D:1)
  A kobold (D:1)
5 creatures vanquished.

Notes
Turn   | Place    | Note
-------+----------+-------------------------------------------
     0 | D:1      | Applezztry the Vampire Enchanter began the quest for the
                  | Orb.
     0 | D:1      | Reached XP level 1. HP: 13/13 MP: 3/3
   296 | D:1      | Found a faded altar of an unknown god.
   302 | D:1      | Prayed at the altar of an unknown god.
   302 | D:1      | Became a worshipper of the Wu Jian Council
   302 | D:1      | Reached * piety under Wu Jian
   399 | D:1      | Slain by a quokka

Illustrated notes

Levels and vault maps discovered:
D:1:      dpeg_arrival_lava_altar, layout_basic,
          dreamdust_ecumenical_altar_angels_and_demons, minmay_tromino_v7

Action                   || total
-------------------------++-------
Melee: Dagger            ||    17
       Punch             ||     1
       Bite              ||     1
Throw: Dart              ||    13
  Use: Scroll            ||     1
Armor: Robe              ||     3
Dodge: Dodged            ||    10
